Match 38993824
Unlisted

Match 38993824
End
Scout Squad
Construct Barracks
1⁄4-ton 4x4 Truck
Engineer Squad
Riflemen Squad
Riflemen Squad
Construct Medical Station
M1 Mortar Team
Infantry Support Center
Construct Weapon Support Center
M3 Armored Personnel Carrier
Grenade Package
M3 Armored Personnel Carrier
Engineer Squad
M1918 Browning Automatic Rifles
Riflemen Squad
Bazooka Squad
Advanced Logistics
Riflemen Squad
Riflemen Squad
Construct Tank Depot
M18 Hellcat Tank Destroyer
Survival Training
Selects Airborne Battlegroup
Selects Recon Loiter
Selects Supply Drop
Selects Carpet Bombing Run
Selects Pathfinders
Selects Pathfinders
Selects Heavy Machine Gun Paradrop
Selects Paratrooper Squad Paradrop
Selects Anti-tank Gun Team Paradrop
Selects Recon Loiter
Selects Supply Drop
Selects Carpet Bombing Run
Recon Loiter
M4A1 Sherman Medium Tank
Engineer Squad
Recon Loiter
Carpet Bombing Run
M4A1 Sherman Medium Tank
M18 Hellcat Tank Destroyer
Anti-tank Gun Team Paradrop
Iceman
Tommo
0
0

Comments sign in to comment!

No comments posted yet!